 Dungeon Crawl Stone Soup version 0.31-a0-430-gf8416d752b (webtiles) character file.

Game seed: 15826001146553461051

741 AdnanSaban the Cudgeller (level 7, -3/44 HPs)
             Began as a Gargoyle Fighter on July 31, 2023.
             Slain by Menkaure (13 damage)
             ... on level 5 of the Dungeon.
             The game lasted 00:03:41 (3444 turns).

AdnanSaban the Cudgeller (Gargoyle Fighter)         Turns: 3444, Time: 00:03:42

Health: -3/44      AC: 13    Str: 21    XL:     7   Next: 75%
Magic:  7/7        EV: 10    Int:  9    God:
Gold:   335        SH:  4    Dex:  9    Spells: 6/6 levels left

rFire   . . .        a - +0 flail
rCold   . . .        c - +0 buckler
rNeg    + . .        b - +0 scale mail
rPois   ∞            h - +0 helmet
rElec   +            (no cloak)
rCorr   .            (no gloves)
SInv    .            (no boots)
Will    .....        u - amulet of regeneration Stlth
                     (no ring)
HPRegen 1.07/turn    (no ring)
MPRegen 0.10/turn

%: no passive effects
@: no status effects
A: sickness immunity, AC +4, negative energy resistance 1, electricity
resistance, torment resistance 1, petrification resistance
a: no special abilities


You were on level 5 of the Dungeon.
You visited 1 branch of the dungeon, and saw 5 of its levels.

You collected 335 gold pieces.

Inventory:

Hand Weapons
 a - a +0 flail (weapon)
Missiles
 q - 2 throwing nets
 s - 5 poisoned darts
Armour
 b - a +0 scale mail (worn)
 c - a +0 buckler (worn)
 h - a +0 helmet (worn)
Jewellery
 r - a +5 ring of evasion
 u - an amulet of regeneration (around neck)
Wands
 w - a wand of mindburst (14)
Scrolls
 e - 6 scrolls of teleportation {unknown}
 g - 7 scrolls of identify {unknown}
 i - a scroll of brand weapon {unknown}
 l - a scroll of silence {unknown}
 o - a scroll of amnesia {unknown}
 p - 2 scrolls of enchant weapon {unknown}
 t - 2 scrolls of blinking {unknown}
 v - a scroll of revelation {unknown}
 x - 3 scrolls of vulnerability {unknown}
Potions
 d - 4 potions of might
 f - a potion of attraction {unknown}
 j - 2 potions of brilliance {unknown}
 k - 2 potions of heal wounds {unknown}
 m - a potion of cancellation {unknown}
 n - a potion of curing {unknown}


   Skills:
 + Level 4.6 Fighting
 + Level 5.9 Maces & Flails
 + Level 5.0 Armour
 + Level 1.6 Dodging
 + Level 0.9 Stealth
 + Level 4.6 Shields


You had 6 spell levels left.
You didn't know any spells.
Your spell library contained the following spells:

 Spells                   Type           Power      Damage    Failure   Level
 Slow                     Hex            0%         N/A       78%         1
 Ensorcelled Hibernation  Hex/Ice        0%         N/A       89%         2
 Confusing Touch          Hex            0%         N/A       98%         3
 Ignite Poison            Fire/Tmut/Pois 0%         N/A       98%         3
 Vampiric Draining        Necr           0%         2d6       98%         3
 Anguish                  Hex/Necr       0%         N/A       100%        4
 Freezing Cloud           Conj/Ice/Air   0%         6-21      100%        5
 Cigotuvi's Dreadful Rot  Necr/Pois/Air  Unusable   N/A       N/A         2

Dungeon Overview and Level Annotations

Branches:
Dungeon (5/15)
 Temple: D:4-7

Altars:
Fedhas

Shops:
D:2 (?

Annotations:
D:5 Menkaure


Innate Abilities, Weirdness & Mutations

You are immune to sickness and miasma.
Your stone body is resilient. (AC +4)
You are immune to poison.
You resist negative energy. (rN+)
You are resistant to electric shocks. (rElec)
You are resistant to unholy torment.
You are immune to petrification.


Message History

Your Armour skill increases to level 5!
You hit Menkaure but do no damage. Menkaure hits you!
You hit Menkaure.
Menkaure is lightly damaged.
Menkaure hits you! Menkaure casts a spell at you.
Pain shoots through your body!
You are too injured to fight recklessly!
You are too injured to fight recklessly!
You are too injured to fight recklessly!
You are too injured to fight recklessly!
You are too injured to fight recklessly!
You are too injured to fight recklessly!
You are too injured to fight recklessly!
You are too injured to fight recklessly!
You are too injured to fight recklessly!
You are too injured to fight recklessly!
You are too injured to fight recklessly!
You are too injured to fight recklessly!
You are too injured to fight recklessly!
You are too injured to fight recklessly!
You are too injured to fight recklessly!
You are too injured to fight recklessly!
You are too injured to fight recklessly!
You are too injured to fight recklessly!
You are too injured to fight recklessly!
You are too injured to fight recklessly!
You hit Menkaure.
Menkaure is moderately damaged.
Menkaure hits you!
You hit Menkaure.
Menkaure is moderately damaged.
Menkaure hits you!
* * * LOW HITPOINT WARNING * * *
Menkaure misses you.
Menkaure calls on the powers of darkness!
You feel a surge of unholy energy. Menkaure attacks as you move away!
Menkaure closely misses you. Menkaure attacks as you move away!
Menkaure hits you!
You die...

..####.....# ##.##.≈≈#≈~~≈≈~~#≈≈
### ##....# #..##~≈≈≈≈≈~#≈≈≈≈≈≈
#######....# #.##≈≈≈#~~≈~~≈#~#~#
...........# #.##~~~<.~~...~≈.~~
...........# #.#..≈~.....<..)..~
...........# #...~~~.~~#..(~)..~
..........## #..#≈≈~~.~~≈~~~≈~≈≈
...#.#...†######.##~~≈~#≈≈≈~≈≈#~≈
####.#####'..# #@##.#≈≈≈≈≈~~≈≈≈≈≈
##.....#####.# #M#.#≈≈≈≈~~~~≈≈≈≈#
..##.##..###.###...##≈≈≈~≈≈≈≈~~≈#
####+####.##......####.~~~≈~≈≈.##
..........(.###...# #.†.~~.~~##†#
####+######.# ##..###...##.####..
............# #....##..#..######
####+####.#.# ##......[.........
..##.##..##.# ##.##.....#######


You could see Menkaure (fast).

Vanquished Creatures
  A phantom (D:5)
  A scorpion (D:5)
  A howler monkey (D:4)
  5 hounds
  A jelly (D:4)
  A gnoll bouda (D:5)
  A sleepcap (D:3)
  Jessica (D:3)
  4 iguanas
  4 gnolls (D:5)
  7 adders
  A white imp (D:4)
  A worm (D:3)
  10 dart slugs (D:5)
  4 orcs
  A ball python (D:1)
  3 endoplasms
  7 giant cockroaches
  7 goblins
  7 hobgoblins
  5 jackals
  3 quokkas
  9 bats
  2 frilled lizards (D:1)
  6 kobolds
  4 rats
97 creatures vanquished.

Notes
Turn   | Place    | Note
-------+----------+-------------------------------------------
     0 | D:1      | AdnanSaban the Gargoyle Fighter began the quest for the
                  | Orb.
     0 | D:1      | Reached XP level 1. HP: 14/14 MP: 1/1
    87 | D:1      | Reached XP level 2. HP: 16/19 MP: 2/2
   466 | D:1      | Reached XP level 3. HP: 23/23 MP: 3/3
   641 | D:2      | Found a blossoming altar of Fedhas.
   677 | D:2      | Found Renaeppiz's Weapon Boutique.
   714 | D:2      | Found Mafosurr's Magic Scroll Shop.
   825 | D:2      | You fall into a shaft and drop 2 floors!
   862 | D:4      | Reached XP level 4. HP: 22/29 MP: 4/4
  1032 | D:4      | Reached XP level 5. HP: 11/33 MP: 5/5
  1799 | D:3      | Noticed Jessica
  1806 | D:3      | Killed Jessica
  1807 | D:3      | Reached XP level 6. HP: 32/38 MP: 4/6
  2111 | D:4      | Reached skill level 1 in Dodging
  2954 | D:5      | Entered Level 5 of the Dungeon
  3051 | D:5      | Reached skill level 5 in Maces & Flails
  3051 | D:5      | Reached XP level 7. HP: 43/43 MP: 7/7
  3392 | D:5      | Noticed Menkaure
  3431 | D:5      | Reached skill level 5 in Armour
  3434 | D:5      | HP: 1/44 [Menkaure (15)]
  3444 | D:5      | Slain by Menkaure

Illustrated notes

Levels and vault maps discovered:
D:1:      evilmike_arrival_rings, layout_rooms, corexii_hall_statues_u
D:2:      layout_rooms, basic_altar, serial_shops, shop, nicolae_square_shop
D:3:      layout_rooms, grunt_ministairs_5, hellmonk_no_cap, uniq_jessica
D:4:      layout_layer_cave, kennysheep_boxes
D:5:      kennysheep_slugbush, layout_basic, interstate_on_off, uniq_menkaure

Skill      XL: |  1  2  3  4  5  6  7 |
---------------+----------------------+-----
Maces & Flails | 3 4 5 |  5.9
Armour         | 4 5 |  5.0
Shields        | 4 |  4.6
Fighting       | 4 |  4.6
Dodging        | 1 |  1.6
Stealth        | |  0.9

Action                     |  1- 3 |  4- 6 |  7- 9 || total
---------------------------+-------+-------+-------++-------
  Melee: Flail             |   129 |   225 |    73 ||   427
 Armour: Scale mail        |    96 |   146 |    39 ||   281
  Dodge: Dodged            |    93 |   112 |    37 ||   242
  Block: Buckler           |    33 |    51 |    13 ||    97

Table legend: (Time is in decaauts)
 A = Elapsed time spent in this place.
 B = Non-inter-level travel time spent in this place.
 C = Inter-level travel time spent in this place.
 D = Time resting spent in this place.
 E = Time spent auto-exploring this place.
 F = Levels seen in this place.
 G = Mean time per level.
                   A        B        C        D        E       F      G
               +--------+--------+--------+--------+--------+-----+--------+
         Total |   3556 |   3500 |     56 |    105 |   2458 |   5 |  711.2 |
       Dungeon |   3556 |   3500 |     56 |    105 |   2458 |   5 |  711.2 |
               +--------+--------+--------+--------+--------+-----+--------+

Top non-repeatable levels by time:
     D:4: 1479 daAuts
     D:1: 671 daAuts
     D:5: 519 daAuts
     D:3: 510 daAuts
     D:2: 375 daAuts
